 Dungeon Crawl Stone Soup version 0.31-a0-925-g0a390f2509 (webtiles) character file.

Game seed: 10352306053856575878

14 Maratek the Trooper (level 2, 20/24 HPs)
             Began as a Demonspawn Fighter on Oct 18, 2023.
             Quit the game on level 1 of the Dungeon.
             The game lasted 00:00:29 (270 turns).

Maratek the Trooper (Demonspawn Fighter)             Turns: 270, Time: 00:00:29

Health: 20/24      AC:  6    Str: 16    XL:     2   Next: 27%
Magic:  2/2        EV:  8    Int:  9    God:
Gold:   0          SH:  4    Dex: 12    Spells: 1/1 levels left

rFire   . . .        a - +0 war axe
rCold   . . .        c - +0 buckler
rNeg    . . .        b - +0 scale mail
rPois   .            (helmet restricted)
rElec   .            (no cloak)
rCorr   .            (no gloves)
SInv    .            (no boots)
Will    .....        (no amulet) Stlth
                     (no ring)
HPRegen 0.24/turn    (no ring)
MPRegen 0.08/turn

%: no passive effects
@: no status effects
A: antennae 1
a: no special abilities


You were on level 1 of the Dungeon.
You visited 1 branch of the dungeon, and saw 1 of its levels.

Inventory:

Hand Weapons
 a - a +0 war axe (weapon)
Armour
 b - a +0 scale mail (worn)
 c - a +0 buckler (worn)
Scrolls
 f - a scroll of identify {unknown}
Potions
 d - a potion of might
 e - a potion of brilliance {unknown}
 g - a potion of heal wounds {unknown}


   Skills:
 + Level 3.5 Fighting
 + Level 1.9 Axes
 + Level 2.7 Armour
 + Level 2.7 Shields


You had one spell level left.
You didn't know any spells.
Your spell library was empty.

Dungeon Overview and Level Annotations

Branches:
Dungeon (1/15)

Altars:


Innate Abilities, Weirdness & Mutations

You have a pair of small antennae on your head.


Message History

The jackal is heavily wounded.
The jackal barely misses you. x2
Unknown command.
You slash the jackal!
You kill the jackal!
The jackal bites you but does no damage.
Unknown command.
You slash the jackal!
You kill the jackal!
The quokka bites you.
Unknown command.
You hit the quokka.
The quokka is severely wounded.
The quokka closely misses you. The quokka bites you.
Unknown command.
You hit the quokka but do no damage.
The quokka is severely wounded.
The quokka barely misses you.
The quokka bites you but does no damage.
Unknown command.
You slash the quokka!
You kill the quokka!
The giant cockroach bites you but does no damage.
Unknown command.
You hit the giant cockroach but do no damage.
The giant cockroach barely misses you. x2
Unknown command.
You hit the giant cockroach but do no damage.
The giant cockroach bites you. You block the giant cockroach's attack.
Unknown command.
You hit the giant cockroach.
The giant cockroach is heavily wounded.
The giant cockroach bites you but does no damage.
You hit the giant cockroach.
You kill the giant cockroach!
Unknown command.
No target in view!
Unknown command.
No target in view!
Are you sure you want to abandon this character and quit the game? (Confirm with "yes".)

##### #######...
.........##
.........?###
............# #†#
#@# # #.# #. #.#
##.#####.########
.................
##.............#
#####..........#
...............####
.....#.........##..


There were no monsters in sight!

Vanquished Creatures
  3 ball pythons (D:1)
  An endoplasm (D:1)
  A giant cockroach (D:1)
  A hobgoblin (D:1)
  3 jackals (D:1)
  A quokka (D:1)
  A bat (D:1)
  A rat (D:1)
12 creatures vanquished.

Notes
Turn   | Place    | Note
-------+----------+-------------------------------------------
     0 | D:1      | Maratek the Demonspawn Fighter began the quest for the Orb.
     0 | D:1      | Reached XP level 1. HP: 18/18 MP: 1/1
   260 | D:1      | Discovered your monstrous ancestry.
   260 | D:1      | Gained mutation: You have a pair of small antennae on your
                  | head. [demonic ancestry]
   260 | D:1      | Reached XP level 2. HP: 24/24 MP: 2/2
   270 | D:1      | Quit the game

Illustrated notes

Levels and vault maps discovered:
D:1:      ncdulo_lavacross, layout_basic, shapermc_ecumenical_altar_venn

Action                     || total
---------------------------++-------
  Melee: War axe           ||    27
 Armour: Scale mail        ||    22
  Dodge: Dodged            ||    12
  Block: Buckler           ||    10

Table legend: (Time is in decaauts)
 A = Elapsed time spent in this place.
 B = Non-inter-level travel time spent in this place.
 C = Inter-level travel time spent in this place.
 D = Time resting spent in this place.
 E = Time spent auto-exploring this place.
 F = Levels seen in this place.
 G = Mean time per level.
                   A        B        C        D        E       F      G
               +--------+--------+--------+--------+--------+-----+--------+
         Total |    282 |    282 |      0 |      0 |    215 |   1 |  282.0 |
       Dungeon |    282 |    282 |      0 |      0 |    215 |   1 |  282.0 |
               +--------+--------+--------+--------+--------+-----+--------+

Top non-repeatable levels by time:
     D:1: 282 daAuts
